cohdb
Replays
Latest Replays
All Replays
Popular Replays
Top Player Replays
Match Explorer
How It Works
Community
CoH3 Stats
Reddit
Sign in to upload your games and track your stats! →
Sign in with Steam
Match 39696618
Unlisted
Match 39696618
Overview
Messages
Build Orders
End
Scout Squad
Selects Airborne Battlegroup
Selects Pathfinders
Construct Weapon Support Center
M1919 Machine Gun Team
Bazooka Squad
M1919 Machine Gun Team
Infantry Support Center
Construct Medical Station
Selects Paratrooper Squad Paradrop
Paratrooper Squad Paradrop
Advanced Logistics
Paratrooper Squad Paradrop
Selects Anti-tank Gun Team Paradrop
Anti-tank Gun Team Paradrop
Construct Tank Depot
Selects Recon Loiter
M4A1 Sherman Medium Tank
Selects Supply Drop
Anti-tank Gun Team Paradrop
Recon Loiter
Anti-tank Gun Team Paradrop
M4A1 Sherman Medium Tank
Engineer Squad
M3 Armored Personnel Carrier
Gravey
Chernoburka
El Macho
梁朝伟
JShreddy
MapSimulatorEnthusiast
XandersXIV
Survival Commander
0
0
Comments
sign in to comment!
No comments posted yet!